 Dungeon Crawl Stone Soup version 0.29.0-4-gdea44cf6ec (webtiles) character file.

Game seed: 15779924567806899504

33863 qw the Severer (level 13, 0/127 HPs)
             Began as a Minotaur Berserker on Sept 10, 2022.
             Was an Elder of Trog.
             Slain by a blink frog (11 damage)
             ... on level 5 of the Lair of Beasts.
             The game lasted 00:05:26 (18191 turns).

qw the Severer (Minotaur Berserker)                Turns: 18191, Time: 00:05:26

Health: 0/127      AC: 21    Str: 28    XL:     13   Next: 39%
Magic:  0/12       EV: 10    Int:  4    God:    Trog [****..]
Gold:   742        SH:  0    Dex:  9    Spells: 12/12 levels left

rFire   + . .      SeeInvis +   Y - +0 broad axe
rCold   + . .      Faith    .   (no shield)
rNeg    . . .      Spirit   +   j - +0 chain mail
rPois   .          Reflect  .   e - +2 hat
rElec   .          Harm     .   l - scarf {rC+ rF+}
rCorr   .          Rampage  .   o - +2 pair of gloves
Will    .....                   (no boots)
Stlth   ..........              p - amulet of guardian spirit
HPRegen 0.31/turn               m - +4 ring of protection
MPRegen 0.13/turn               s - ring of see invisible

@: lethally poisoned (0 -> -15), about to teleport, on berserk cooldown, slowed,
very slow
A: horns 2, retaliatory headbutt
a: Renounce Religion, Berserk, Trog's Hand, Brothers in Arms


You were on level 5 of the Lair of Beasts.
You worshipped Trog.
Trog was greatly pleased with you.
You visited 2 branches of the dungeon, and saw 15 of its levels.

You collected 1062 gold pieces.
You spent 320 gold pieces at shops.


Innate Abilities, Weirdness & Mutations

You have a pair of horns on your head.
You reflexively headbutt those who attack you in melee.


   Skills:
 + Level 15.3 Fighting
 - Level 18.0 Axes
 - Level 6.6 Throwing
 - Level 11.0 Armour
 - Level 6.2 Dodging


You had 12 spell levels left.
You didn't know any spells.
Your spell library was empty.

Inventory:

Hand Weapons
 n - a -2 demon whip of venom
 Y - a +0 broad axe (weapon)
Armour
 e - a +2 hat (worn)
 f - a +1 cloak
 j - a +0 chain mail (worn)
 l - a scarf of resistance (worn)
 o - a +2 pair of gloves (worn)
 r - a +2 ring mail of fire resistance
 y - a +0 buckler
 z - a +0 pair of boots
 A - a +0 plate armour
Jewellery
 h - a ring of protection from fire
 m - a +4 ring of protection (left hand)
 p - an amulet of guardian spirit (around neck)
 s - a ring of see invisible (right hand)
 v - a +6 ring of strength
 x - a ring of protection from fire
 B - the ring of Maevoac {Fire rCorr}
   (You found it on level 5 of the Lair of Beasts)

   [ring of fire]

   It enhances your fire magic.
   rF:        It protects you from fire.
   rC:        It makes you vulnerable to cold.
   rCorr:     It protects you from acid and corrosion.
Scrolls
 a - 5 scrolls of identify
 t - 2 scrolls of enchant armour
Potions
 b - a potion of resistance
 c - 5 potions of curing
 d - 2 potions of mutation
 g - 5 potions of haste
 i - 3 potions of might
 k - a potion of cancellation
 q - 3 potions of heal wounds

Dungeon Overview and Level Annotations

Branches:
Dungeon (10/15)            Temple (0/1) D:5            Lair (5/5) D:10
  Swamp (0/4) Lair:2        Snake (0/4) Lair:2
  Slime: Lair:4-5       Orc: D:9-12

Altars:
Ashenzari
Cheibriados
Gozag
Okawaru
Ru
Uskayaw
Vehumet
Wu Jian
Yredelemnul
Zin

Shops:
D:6 [[   D:8 (

Annotations:
Lair:5 1 runed translucent door, qw's ghost, journeyman TrCA


Message History

The blink frog is severely wounded.
You completely miss the blink frog. You hit the cane toad but do no damage.
You feel very sick. The blink frog hits you. The blink frog barely misses you.
You furiously retaliate!
You headbutt the blink frog. The cane toad stings you.
The blink frog hits you but does no damage.
You closely miss the blink frog. You headbutt the blink frog.
The blink frog is severely wounded.
You slash the cane toad! You closely miss the blink frog.
You feel sick.
The blink frog blinks!
The cane toad closely misses you. You furiously retaliate!
You headbutt the cane toad.
The blink frog hits you but does no damage. x2
You hit the cane toad.
The cane toad is almost dead.
You closely miss the blink frog. You barely miss the blink frog.
You feel sick. The blink frog hits you!
The cane toad stings you but does no damage.
The blink frog hits you.
The blink frog blinks!
The blink frog hits you but does no damage.
The blink frog hits you! The cane toad stings you!!
You are more poisoned.
The cane toad poisons you!
You slice the cane toad!!
You kill the cane toad!
Trog accepts your kill.
You slash the blink frog! You miss the blink frog.
You feel extremely sick.
The blink frog hits you but does no damage.
The blink frog hits you.
The blink frog blinks!
18191 ||| READING scroll of teleportation.
As you read the scroll of teleportation, it crumbles to dust.
You feel strangely unstable.
You feel extremely sick. The blink frog hits you!
The blink frog hits you but does no damage.
The blink frog barely misses you. You furiously retaliate!
You headbutt the blink frog. The blink frog barely misses you.
The blink frog misses you. You furiously retaliate!
You headbutt the blink frog! The blink frog hits you!
You die...

7....7 77...7 7
7...77 777..
777..777.....
7777...........
77.....%........
#...............
##...F¤F(.......
#....@F)F......
####7777.......
~SP~~~. ~~~P~..
~~~~~.. S~~~~~.
~(~~P..


You could see 4 blink frogs.

Vanquished Creatures
  4 hydras
  A catoblepas (Lair:4)
  Amaemon (D:9)
  A bog body (Lair:2)
  Pikel (D:5)
  2 black mambas
  An orange demon (D:9)
  Maggie (D:6)
  9 cane toads
  A rime drake (Lair:3)
  7 komodo dragons
  4 polar bears
  A troll (D:9)
  5 hornets
  18 blink frogs
  13 dream sheep
  Sigmund (D:6)
  11 spriggans (Lair:5)
  4 wyverns
  A wraith (D:10)
  31 yaks
  A steam dragon (D:8)
  4 basilisks
  2 nagas (Lair:2)
  3 swamp worms (Lair:2)
  9 water moccasins
  Duvessa (D:6)
  A sky beast (D:6)
  7 black bears
  4 boggarts (Lair:5)
  2 ogres
  2 centaurs (D:9)
  2 ice beasts
  19 wolves
  2 phantoms
  A kobold brigand (D:9)
  A necrophage (D:6)
  12 bullfrogs
  4 scorpions
  Dowan (D:6)
  5 wights (D:6)
  2 electric eels
  A howler monkey (D:8)
  2 jellies
  2 gnoll boudas
  3 orc priests
  5 hounds
  3 iguanas
  7 orc wizards
  5 adders
  16 gnolls
  2 shadow imps
  5 white imps
  A worm (D:4)
  3 dart slugs
  26 orcs
  5 endoplasms
  2 giant cockroaches (D:4)
  4 goblins
  5 hobgoblins
  2 jackals (D:2)
  2 quokkas
  11 ball pythons
  7 bats
  2 frilled lizards (D:2)
  12 kobolds
  6 rats
342 creatures vanquished.

Vanquished Creatures (collateral kills)
  A hydra (Lair:3)
  A blink frog (Lair:3)
  A yak (Lair:4)
3 creatures vanquished.

Vanquished Creatures (others)
  33 fungi
  24 plants
57 creatures vanquished.

Grand Total: 402 creatures vanquished

Notes
Turn   | Place    | Note
-------+----------+-------------------------------------------
     0 | D:1      | qw the Minotaur Berserker began the quest for the Orb.
     0 | D:1      | Reached XP level 1. HP: 19/19 MP: 0/0
     0 | D:1      | 0 ||| qw: Version: 0.1-a-116-g5d60599
     0 | D:1      | 0 ||| qw: Game counter: 7561
     0 | D:1      | 0 ||| qw: Always use a shield: true
     0 | D:1      | 0 ||| qw: Do Orc after D:15 true
     0 | D:1      | 0 ||| qw: Do second Lair branch before Depths: true
     0 | D:1      | 0 ||| qw: Lair rune preference: random
     0 | D:1      | 0 ||| qw: Plans: Normal
     0 | D:1      | 0 ||| PLANNING D:1-11
    39 | D:1      | 39 ||| Stepping ~*~*~tactically~*~*~ (hiding).
    46 | D:1      | Reached skill level 4 in Axes
    95 | D:1      | Reached XP level 2. HP: 26/26 MP: 1/1
   503 | D:1      | 503 ||| UPGRADING to +2 hat.
   508 | D:1      | 508 ||| UPGRADING to +0 cloak.
   513 | D:1      | 513 ||| UPGRADING to +0 leather armour.
   523 | D:1      | 523 ||| DROPPING +0 animal skin.
   524 | D:1      | 524 ||| UPGRADING to +0 chain mail.
   534 | D:1      | 534 ||| DROPPING +0 leather armour.
   535 | D:1      | 535 ||| READING 3 scrolls labelled OSOSUPRI AZAEC.
   536 | D:1      | 536 ||| DRINKING 2 clear potions.
   537 | D:1      | 537 ||| READING 2 scrolls of identify.
   537 | D:1      | 537 ||| IDENTIFYING fuming puce potion
   576 | D:2      | 576 ||| Stepping ~*~*~tactically~*~*~ (stealth).
   581 | D:2      | 581 ||| Stepping ~*~*~tactically~*~*~ (stealth).
   586 | D:2      | 586 ||| Stepping ~*~*~tactically~*~*~ (stealth).
   587 | D:2      | 587 ||| Stepping ~*~*~tactically~*~*~ (stealth).
   595 | D:2      | 595 ||| INVOKING Berserk.
   600 | D:2      | Reached skill level 5 in Axes
   604 | D:2      | Reached XP level 3. HP: 31/31 MP: 2/2
   761 | D:2      | 761 ||| Stepping ~*~*~tactically~*~*~ (stealth).
   762 | D:2      | 762 ||| Stepping ~*~*~tactically~*~*~ (stealth).
   764 | D:2      | 764 ||| INVOKING Berserk.
   969 | D:2      | 969 ||| Stepping ~*~*~tactically~*~*~ (hiding).
   972 | D:2      | Reached ** piety under Trog
  1032 | D:2      | Reached skill level 6 in Axes
  1032 | D:2      | Reached XP level 4. HP: 39/39 MP: 3/3
  1438 | D:2      | 1438 ||| Stepping ~*~*~tactically~*~*~ (hiding).
  1443 | D:2      | 1443 ||| INVOKING Berserk.
  1607 | D:2      | 1607 ||| DROPPING +0 mace.
  1867 | D:2      | 1867 ||| READING scroll labelled GECA PAEXTA.
  1868 | D:2      | 1868 ||| DRINKING 2 murky silvery potions.
  1944 | D:3      | 1944 ||| Stepping ~*~*~tactically~*~*~ (stealth).
  1945 | D:3      | 1945 ||| Stepping ~*~*~tactically~*~*~ (stealth).
  2107 | D:3      | Found a faded altar of an unknown god.
  2161 | D:3      | Found an iron altar of Okawaru.
  2174 | D:3      | 2174 ||| SWAPPING to +0 war axe of freezing.
  2175 | D:3      | 2175 ||| DROPPING +0 hand axe.
  2462 | D:3      | Found a broken altar of Ashenzari.
  2780 | D:3      | Found an ornate altar of the Wu Jian Council.
  2786 | D:3      | 2786 ||| DROPPING ring of flight.
  2787 | D:3      | 2787 ||| READING scroll labelled TUEKKI TIJUL.
  2788 | D:3      | 2788 ||| READING scroll labelled ATHRUFR ZAICZAUJ.
  2789 | D:3      | 2789 ||| READING scroll labelled UNIMPA MIRUL.
  2885 | D:4      | Reached skill level 7 in Axes
  2885 | D:4      | Reached XP level 5. HP: 45/45 MP: 4/4
  3007 | D:4      | Noticed an ogre
  3012 | D:4      | 3012 ||| INVOKING Berserk.
  3014 | D:4      | Killed an ogre
  3015 | D:4      | Reached XP level 6. HP: 53/53 MP: 5/5
  3130 | D:4      | 3130 ||| Stepping ~*~*~tactically~*~*~ (hiding).
  3145 | D:4      | 3145 ||| Stepping ~*~*~tactically~*~*~ (stealth).
  3146 | D:4      | 3146 ||| Stepping ~*~*~tactically~*~*~ (stealth).
  3151 | D:4      | 3151 ||| Stepping ~*~*~tactically~*~*~ (stealth).
  3190 | D:4      | 3190 ||| INVOKING Berserk.
  3197 | D:4      | Reached skill level 8 in Axes
  3641 | D:4      | Reached *** piety under Trog
  3655 | D:4      | Reached skill level 9 in Axes
  3907 | D:4      | 3907 ||| DROPPING amulet of faith.
  3908 | D:4      | 3908 ||| UPGRADING to ring of protection from fire.
  3909 | D:4      | 3909 ||| UPGRADING to ring of protection from cold.
  3960 | D:5      | Entered Level 5 of the Dungeon
  3984 | D:5      | 3984 ||| Stepping ~*~*~tactically~*~*~ (stealth).
  3986 | D:5      | 3986 ||| Stepping ~*~*~tactically~*~*~ (hiding).
  3987 | D:5      | 3987 ||| INVOKING Berserk.
  3991 | D:5      | Reached skill level 3 in Armour
  3991 | D:5      | Reached XP level 7. HP: 60/60 MP: 6/6
  4427 | D:5      | Noticed Pikel
  4428 | D:5      | 4428 ||| Stepping ~*~*~tactically~*~*~ (stealth).
  4431 | D:5      | 4431 ||| Stepping ~*~*~tactically~*~*~ (stealth).
  4434 | D:5      | 4434 ||| INVOKING Berserk.
  4442 | D:5      | Killed Pikel
  4443 | D:5      | Reached skill level 11 in Axes
  4443 | D:5      | Reached XP level 8. HP: 68/68 MP: 7/7
  4632 | D:5      | 4632 ||| READING scroll of enchant armour.
  4632 | D:5      | 4632 ||| ENCHANTING +0 cloak.
  4685 | D:5      | Found a staircase to the Ecumenical Temple.
  4706 | D:5      | 4706 ||| Stepping ~*~*~tactically~*~*~ (stealth).
  4724 | D:5      | 4724 ||| INVOKING Berserk.
  4727 | D:5      | Reached skill level 6 in Fighting
  5021 | D:5      | 5021 ||| READING scroll labelled KIZUKHL IQAV.
  5022 | D:5      | 5022 ||| READING scroll labelled JOEJU YNTUA.
  5025 | D:5      | 5025 ||| READING scroll labelled CACOIRCH NIDU.
  5026 | D:5      | 5026 ||| DRINKING 3 coppery potions.
  5027 | D:5      | 5027 ||| DRINKING 2 lumpy silvery potions.
  5028 | D:5      | 5028 ||| DRINKING 3 cyan potions.
  5029 | D:5      | 5029 ||| DROPPING potion of invisibility.
  5030 | D:5      | 5030 ||| DROPPING 2 potions of flight.
  5064 | D:6      | Found a glowing silver altar of Zin.
  5159 | D:6      | Found Maesokko's Armour Emporium.
  5162 | D:6      | 5162 ||| SHOPLISTING +0 fire dragon scales (600 gold, have
                  | 413).
  5162 | D:6      | 5162 ||| BUYING scarf of resistance (320 gold).
  5162 | D:6      | Bought a scarf of resistance for 320 gold pieces
  5177 | D:6      | Noticed Maggie
  5178 | D:6      | 5178 ||| Stepping ~*~*~tactically~*~*~ (hiding).
  5180 | D:6      | 5180 ||| Stepping ~*~*~tactically~*~*~ (hiding).
  5196 | D:6      | Killed Maggie
  5197 | D:6      | Reached skill level 12 in Axes
  5475 | D:6      | 5475 ||| Stepping ~*~*~tactically~*~*~ (stealth).
  5538 | D:6      | Noticed Sigmund
  5539 | D:6      | 5539 ||| INVOKING Berserk.
  5542 | D:6      | Killed Sigmund
  5543 | D:6      | Reached XP level 9. HP: 79/79 MP: 8/8
  5671 | D:6      | Found a snail-covered altar of Cheibriados.
  5672 | D:6      | Found a radiant altar of Vehumet.
  5674 | D:6      | Noticed Duvessa
  5682 | D:6      | Noticed Dowan
  5688 | D:6      | 5688 ||| INVOKING Berserk.
  5691 | D:6      | Killed Duvessa
  5692 | D:6      | Reached skill level 13 in Axes
  5700 | D:6      | Killed Dowan
  5854 | D:6      | 5854 ||| DROPPING +0 flail.
  5892 | D:6      | 5892 ||| Stepping ~*~*~tactically~*~*~ (hiding).
  5895 | D:6      | 5895 ||| Stepping ~*~*~tactically~*~*~ (stealth).
  5906 | D:6      | Found Otrue's Armour Shoppe.
  5912 | D:6      | 5912 ||| SHOPLISTING +0 plate armour of fire resistance
                  | (360 gold, have 133).
  5912 | D:6      | 5912 ||| SHOPLISTING +9 crystal plate armour "Zaniss"
                  | {Will+++} (1653 gold, have 133).
  6015 | D:6      | 6015 ||| Stepping ~*~*~tactically~*~*~ (stealth).
  6016 | D:6      | 6016 ||| Stepping ~*~*~tactically~*~*~ (stealth).
  6017 | D:6      | 6017 ||| Stepping ~*~*~tactically~*~*~ (stealth).
  6018 | D:6      | 6018 ||| Stepping ~*~*~tactically~*~*~ (stealth).
  6019 | D:6      | 6019 ||| INVOKING Berserk.
  6167 | D:6      | Found a sacrificial altar of Ru.
  6202 | D:6      | 6202 ||| INVOKING Berserk.
  6462 | D:6      | 6462 ||| UPGRADING to +2 pair of gloves.
  6467 | D:6      | 6467 ||| READING scroll labelled NISYTUTWUXT.
  6468 | D:6      | 6468 ||| DRINKING 2 purple potions.
  6499 | D:6      | 6499 ||| READING 2 scrolls of identify.
  6499 | D:6      | 6499 ||| IDENTIFYING silvery potion
  6500 | D:6      | 6500 ||| DROPPING potion of berserk rage.
  6501 | D:6      | 6501 ||| DROPPING potion of lignification.
  6676 | D:7      | 6676 ||| INVOKING Berserk.
  6815 | D:7      | 6815 ||| INVOKING Berserk.
  7039 | D:7      | Reached skill level 14 in Axes
  7480 | D:7      | 7480 ||| UPGRADING to +6 ring of strength.
  7482 | D:7      | 7482 ||| UPGRADING to scarf of resistance.
  7492 | D:7      | 7492 ||| READING scroll labelled CACIR FOMI.
  7493 | D:7      | 7493 ||| READING 2 scrolls labelled PUGAZI GUNEK BOJ.
  7494 | D:7      | 7494 ||| READING scroll labelled BYL ZEC ANGUET.
  7495 | D:7      | 7495 ||| READING 2 scrolls of identify.
  7495 | D:7      | 7495 ||| IDENTIFYING murky yellow potion
  7496 | D:7      | 7496 ||| DROPPING scroll of poison.
  7497 | D:7      | 7497 ||| DROPPING potion of degeneration.
  7498 | D:7      | 7498 ||| Stepping randomly (stuck).
  7499 | D:7      | 7499 ||| Stepping ~*~*~tactically~*~*~ (cloud).
  7621 | D:8      | 7621 ||| Stepping ~*~*~tactically~*~*~ (hiding).
  7629 | D:8      | 7629 ||| Stepping ~*~*~tactically~*~*~ (hiding).
  7636 | D:8      | 7636 ||| INVOKING Berserk.
  7653 | D:8      | 7653 ||| FLEEEEING.
  7661 | D:8      | 7661 ||| STAIRDANCE
  7867 | D:8      | Reached skill level 3 in Dodging
  7970 | D:8      | 7970 ||| Stepping ~*~*~tactically~*~*~ (stealth).
  7973 | D:8      | 7973 ||| Stepping ~*~*~tactically~*~*~ (stealth).
  7989 | D:8      | Reached XP level 10. HP: 61/88 MP: 9/9
  8139 | D:8      | 8139 ||| Stepping ~*~*~tactically~*~*~ (hiding).
  8144 | D:8      | 8144 ||| INVOKING Berserk.
  8310 | D:8      | Found Itrugirph's Weapon Boutique.
  8338 | D:8      | Reached **** piety under Trog
  8339 | D:8      | Reached skill level 15 in Axes
  8348 | D:8      | 8348 ||| Stepping ~*~*~tactically~*~*~ (stealth).
  8707 | D:8      | 8707 ||| UPGRADING to amulet of guardian spirit.
  8712 | D:8      | 8712 ||| UPGRADING to +4 ring of protection.
  8714 | D:8      | 8714 ||| DROPPING ring of resist corrosion.
  8715 | D:8      | 8715 ||| UPGRADING to +6 ring of strength.
  8717 | D:8      | 8717 ||| DROPPING ring of protection from cold.
  8718 | D:8      | 8718 ||| READING scroll labelled WAIPLEL YRIUL.
  8950 | D:9      | Reached skill level 1 in Throwing
  8956 | D:9      | Reached skill level 9 in Fighting
  8956 | D:9      | 8956 ||| INVOKING Berserk.
  8958 | D:9      | Reached skill level 6 in Armour
  9195 | D:9      | 9195 ||| SWAPPING to +0 broad axe.
  9196 | D:9      | 9196 ||| DROPPING +0 war axe of freezing.
  9252 | D:9      | 9252 ||| Stepping ~*~*~tactically~*~*~ (stealth).
  9421 | D:9      | 9421 ||| Stepping ~*~*~tactically~*~*~ (hiding).
  9592 | D:9      | Noticed an orange demon
  9593 | D:9      | 9593 ||| Stepping ~*~*~tactically~*~*~ (hiding).
  9596 | D:9      | Noticed Amaemon
  9599 | D:9      | 9599 ||| Stepping ~*~*~tactically~*~*~ (hiding).
  9605 | D:9      | Killed an orange demon
  9606 | D:9      | Reached skill level 16 in Axes
  9606 | D:9      | 9606 ||| Stepping ~*~*~tactically~*~*~ (hiding).
  9610 | D:9      | 9610 ||| INVOKING Berserk.
  9618 | D:9      | Killed Amaemon
  9650 | D:9      | 9650 ||| Stepping ~*~*~tactically~*~*~ (stealth).
  9814 | D:9      | 9814 ||| DROPPING +0 morningstar of draining.
 10000 | D:9      | 10000 ||| INVOKING Berserk.
 10141 | D:9      | 10141 ||| DRINKING 2 metallic pink potions.
 10142 | D:9      | 10142 ||| DROPPING potion of attraction.
 10165 | D:10     | Entered Level 10 of the Dungeon
 10252 | D:10     | Reached skill level 17 in Axes
 10371 | D:10     | Found a staircase to the Lair.
 10376 | D:10     | 10376 ||| Stepping ~*~*~tactically~*~*~ (stealth).
 10395 | D:10     | Reached XP level 11. HP: 81/97 MP: 7/10
 10637 | D:10     | 10637 ||| Stepping ~*~*~tactically~*~*~ (hiding).
 10642 | D:10     | 10642 ||| INVOKING Berserk.
 10798 | D:10     | Found a basalt altar of Yredelemnul.
 10805 | D:10     | Found an opulent altar of Gozag.
 11154 | D:10     | 11154 ||| PLANNING LAIR
 11154 | D:10     | 11154 ||| READING 3 scrolls of identify.
 11154 | D:10     | 11154 ||| IDENTIFYING fizzy red potion
 11160 | Lair:1   | Entered Level 1 of the Lair of Beasts
 11199 | Lair:1   | 11199 ||| INVOKING Berserk.
 11502 | Lair:1   | Noticed an eight-headed hydra
 11503 | Lair:1   | 11503 ||| INVOKING Brothers in Arms.
 11505 | Lair:1   | 11505 ||| SWAPPING to -2 demon whip of venom.
 11506 | Lair:1   | 11506 ||| INVOKING Berserk.
 11512 | Lair:1   | Killed an eight-headed hydra
 11525 | Lair:1   | 11525 ||| SWAPPING to +0 broad axe.
 11819 | Lair:1   | 11819 ||| INVOKING Berserk.
 11827 | Lair:1   | 11827 ||| Stepping ~*~*~tactically~*~*~ (stealth).
 11987 | Lair:1   | 11987 ||| Stepping ~*~*~tactically~*~*~ (stealth).
 12060 | Lair:1   | 12060 ||| INVOKING Berserk.
 12066 | Lair:1   | Reached skill level 18 in Axes
 12291 | Lair:1   | Identified the ring "Kerghask" {Drain rElec rCorr Int+4
                  | Dex+2 Slay-4}
 12461 | Lair:1   | 12461 ||| DROPPING ring "Kerghask" {Drain rElec rCorr Int+4
                  | Dex+2 Slay-4}.
 12477 | Lair:2   | 12477 ||| INVOKING Berserk.
 12486 | Lair:2   | 12486 ||| STAIRDANCE
 12595 | Lair:2   | 12595 ||| Stepping ~*~*~tactically~*~*~ (stealth).
 12598 | Lair:2   | 12598 ||| INVOKING Berserk.
 12662 | Lair:2   | 12662 ||| INVOKING Berserk.
 12833 | Lair:2   | 12833 ||| INVOKING Berserk.
 12975 | Lair:2   | Found a hide-covered altar of Uskayaw.
 13177 | Lair:2   | 13177 ||| Stepping ~*~*~tactically~*~*~ (stealth).
 13184 | Lair:2   | 13184 ||| INVOKING Berserk.
 13302 | Lair:2   | 13302 ||| Stepping ~*~*~tactically~*~*~ (stealth).
 13303 | Lair:2   | 13303 ||| Stepping ~*~*~tactically~*~*~ (stealth).
 13304 | Lair:2   | 13304 ||| Stepping ~*~*~tactically~*~*~ (stealth).
 13308 | Lair:2   | 13308 ||| INVOKING Berserk.
 13314 | Lair:2   | Reached skill level 12 in Fighting
 13322 | Lair:2   | Reached XP level 12. HP: 110/112 MP: 6/11
 13539 | Lair:2   | Found a staircase to the Snake Pit.
 13554 | Lair:2   | Reached skill level 9 in Armour
 13757 | Lair:2   | 13757 ||| Stepping ~*~*~tactically~*~*~ (hiding).
 13762 | Lair:2   | 13762 ||| INVOKING Berserk.
 13914 | Lair:2   | 13914 ||| INVOKING Berserk.
 14037 | Lair:2   | Found a staircase to the Swamp.
 14038 | Lair:2   | 14038 ||| Stepping ~*~*~tactically~*~*~ (hiding).
 14043 | Lair:2   | 14043 ||| INVOKING Berserk.
 14412 | Lair:2   | 14412 ||| UPGRADING to ring of see invisible.
 14502 | Lair:3   | 14502 ||| Stepping ~*~*~tactically~*~*~ (hiding).
 14775 | Lair:3   | 14775 ||| Stepping ~*~*~tactically~*~*~ (stealth).
 15266 | Lair:3   | 15266 ||| DROPPING ring of magical power.
 15267 | Lair:3   | 15267 ||| DROPPING +6 ring of intelligence.
 15268 | Lair:3   | 15268 ||| READING scroll labelled BOLIGHUTTA.
 15309 | Lair:4   | 15309 ||| PLANNING GAUNTLET
 15313 | Lair:4   | 15313 ||| STAIRDANCE
 15313 | Lair:4   | Noticed a seven-headed hydra
 15330 | Lair:4   | 15330 ||| STAIRDANCE
 15332 | Lair:3   | 15332 ||| INVOKING Brothers in Arms.
 15333 | Lair:3   | 15333 ||| INVOKING Brothers in Arms.
 15334 | Lair:3   | 15334 ||| SWAPPING to -2 demon whip of venom.
 15335 | Lair:3   | 15335 ||| INVOKING Berserk.
 15337 | Lair:3   | Killed a seven-headed hydra
 15342 | Lair:3   | 15342 ||| SWAPPING to +0 broad axe.
 15483 | Lair:4   | 15483 ||| STAIRDANCE
 15485 | Lair:3   | 15485 ||| INVOKING Berserk.
 15601 | Lair:4   | 15601 ||| INVOKING Berserk.
 15615 | Lair:4   | 15615 ||| STAIRDANCE
 15763 | Lair:4   | 15763 ||| RIP GAUNTLET
 15778 | Lair:4   | 15778 ||| PLANNING LAIR
 15915 | Lair:4   | Noticed a four-headed hydra
 15916 | Lair:4   | 15916 ||| INVOKING Brothers in Arms.
 15919 | Lair:4   | 15919 ||| SWAPPING to -2 demon whip of venom.
 15920 | Lair:4   | 15920 ||| INVOKING Berserk.
 15924 | Lair:4   | Killed a four-headed hydra
 15943 | Lair:4   | 15943 ||| SWAPPING to +0 broad axe.
 15952 | Lair:4   | Reached skill level 15 in Fighting
 16216 | Lair:4   | 16216 ||| Stepping ~*~*~tactically~*~*~ (stealth).
 16218 | Lair:4   | 16218 ||| INVOKING Berserk.
 16225 | Lair:4   | Noticed a catoblepas
 16235 | Lair:4   | Killed a catoblepas
 16236 | Lair:4   | Reached skill level 6 in Dodging
 16370 | Lair:4   | 16370 ||| INVOKING Berserk.
 16568 | Lair:4   | You fall into a shaft and drop 1 floor!
 16568 | Lair:5   | Entered Level 5 of the Lair of Beasts
 16581 | Lair:5   | 16581 ||| INVOKING Berserk.
 16740 | Lair:5   | 16740 ||| READING 6 scrolls of identify.
 16740 | Lair:5   | 16740 ||| IDENTIFYING viscous purple potion
 16741 | Lair:5   | 16741 ||| READING 5 scrolls of identify.
 16741 | Lair:5   | 16741 ||| IDENTIFYING murky golden potion
 16742 | Lair:5   | Found a runed translucent door.
 16744 | Lair:5   | Noticed qw's ghost (journeyman TrCA)
 17111 | Lair:5   | 17111 ||| Stepping ~*~*~tactically~*~*~ (stealth).
 17116 | Lair:5   | 17116 ||| Stepping ~*~*~tactically~*~*~ (stealth).
 17126 | Lair:5   | Reached XP level 13. HP: 115/126 MP: 10/12
 17176 | Lair:5   | 17176 ||| Stepping ~*~*~tactically~*~*~ (stealth).
 17182 | Lair:5   | 17182 ||| Stepping ~*~*~tactically~*~*~ (stealth).
 17184 | Lair:5   | 17184 ||| Stepping ~*~*~tactically~*~*~ (stealth).
 17185 | Lair:5   | 17185 ||| SWAPPING to -2 demon whip of venom.
 17186 | Lair:5   | 17186 ||| INVOKING Berserk.
 17190 | Lair:5   | Reached skill level 3 in Throwing
 17203 | Lair:5   | 17203 ||| SWAPPING to +0 broad axe.
 17205 | Lair:5   | 17205 ||| Stepping ~*~*~tactically~*~*~ (stealth).
 17251 | Lair:5   | 17251 ||| Stepping ~*~*~tactically~*~*~ (stealth).
 17263 | Lair:5   | 17263 ||| INVOKING Berserk.
 17296 | Lair:5   | 17296 ||| Stepping ~*~*~tactically~*~*~ (stealth).
 17298 | Lair:5   | 17298 ||| Stepping ~*~*~tactically~*~*~ (stealth).
 17484 | Lair:5   | 17484 ||| Stepping ~*~*~tactically~*~*~ (stealth).
 17486 | Lair:5   | 17486 ||| Stepping ~*~*~tactically~*~*~ (stealth).
 17488 | Lair:5   | 17488 ||| Stepping ~*~*~tactically~*~*~ (stealth).
 17490 | Lair:5   | 17490 ||| Stepping ~*~*~tactically~*~*~ (stealth).
 17492 | Lair:5   | 17492 ||| Stepping ~*~*~tactically~*~*~ (stealth).
 17531 | Lair:5   | 17531 ||| Stepping ~*~*~tactically~*~*~ (stealth).
 17533 | Lair:5   | 17533 ||| INVOKING Brothers in Arms.
 17534 | Lair:5   | 17534 ||| INVOKING Brothers in Arms.
 17535 | Lair:5   | 17535 ||| INVOKING Brothers in Arms.
 17536 | Lair:5   | 17536 ||| SWAPPING to -2 demon whip of venom.
 17538 | Lair:5   | 17538 ||| INVOKING Berserk.
 17559 | Lair:5   | 17559 ||| SWAPPING to +0 broad axe.
 17726 | Lair:5   | 17726 ||| Stepping ~*~*~tactically~*~*~ (stealth).
 17728 | Lair:5   | 17728 ||| Stepping ~*~*~tactically~*~*~ (stealth).
 17733 | Lair:5   | Reached skill level 6 in Throwing
 17747 | Lair:5   | 17747 ||| INVOKING Berserk.
 17842 | Lair:5   | 17842 ||| Stepping ~*~*~tactically~*~*~ (stealth).
 17882 | Lair:5   | 17882 ||| Stepping ~*~*~tactically~*~*~ (stealth).
 17985 | Lair:5   | Identified the ring of Maevoac {Fire rCorr}
 18042 | Lair:5   | 18042 ||| INVOKING Berserk.
 18078 | Lair:5   | 18078 ||| Stepping ~*~*~tactically~*~*~ (stealth).
 18080 | Lair:5   | 18080 ||| Stepping ~*~*~tactically~*~*~ (stealth).
 18169 | Lair:5   | 18169 ||| INVOKING Berserk.
 18190 | Lair:5   | HP: 29/127 [poisoned by a cane toad]
 18191 | Lair:5   | 18191 ||| READING scroll of teleportation.
 18191 | Lair:5   | HP: 11/127 [blink frog (6)]
 18191 | Lair:5   | Slain by a blink frog

Levels and vault maps discovered:
D:1:      mrwooster_arrival_statue_3, layout_rooms
D:2:      layout_loops_corners, minmay_pentomino_t4
D:3:      layout_loops_corners, evilmike_ruin_ashenzari,
          pdpol_wu_jian_five_deadly_venoms, lemuel_round_altar,
          hellmonk_ecumenical_altar_arch_garden, minmay_cut_off
D:4:      layout_loops_corners
D:5:      layout_gridville, minmay_temple_entry_offerings, uniq_pikel
D:6:      layout_loops_ring, old_standard_altar, nicolae_ru_awakened_eye,
          mainiacjoe_overflow_catch_the_wave, serial_shops,
          kennysheep_mini_moat, shop, chequers_serial_rivers_micro_c,
          uniq_maggie, uniq_duvessa, uniq_sigmund
D:7:      layout_loops_ring, enter_bailey_4, dreamdust_princess_bridge
D:8:      layout_basic, serial_shops, shop, kennysheep_opposing_triangles
D:9:      layout_basic, nicolae_figureground_pulse, uniq_amaemon
D:10:     layout_loops_ring, mainiacjoe_overflow_big_doors, lair_entry_dummy,
          minmay_splitting_lines
Lair:1:   layout_small_grid, infiniplex_staircase_pool
Lair:2:   layout_regular_city, nicolae_swamp_entry_splash_gauntlet,
          minmay_snake_entry_guardpost_small, basic_altar, grunt_megastairs_2,
          lemuel_fruit_tree
Lair:3:   layout_regular_city
Lair:4:   layout_concentric_octagons, gauntlet_entry_generic
Lair:5:   minmay_lair_end_enchanted_forest, layout_long_grid,
          minmay_slime_entry_jelly_boxes, ebering_ghost_inner_flame,
          nicolae_quartered_pool_little, columned_hall_lemuel,
          serial_bayou_shore_a

Skill      XL: |  1  2  3  4  5  6  7  8  9 10 11 12 13 |
---------------+----------------------------------------+-----
Axes           | 4 5 6 7 9 11 12 14 17 18 | 18.0
Fighting       | 4 5 7 8 9 12 15 | 15.3
Armour         | 3 4 5 6 8 10 11 | 11.0
Dodging        | 3 4 6 |  6.2
Throwing       | 1 2 6 |  6.6

Action                   |  1- 3 |  4- 6 |  7- 9 | 10-12 | 13-15 || total
-------------------------+-------+-------+-------+-------+-------++-------
Melee: Hand axe          |    67 |    42 |       |       |       ||   109
       Headbutt          |     5 |     9 |    34 |    71 |    35 ||   154
       Punch             |     1 |     1 |     1 |     8 |     1 ||    12
       War axe           |       |    56 |   187 |    32 |       ||   275
       Broad axe         |       |       |       |   366 |   136 ||   502
       Demon whip        |       |       |       |    26 |    24 ||    50
Throw: Boomerang         |       |       |       |    25 |       ||    25
       Javelin           |       |       |       |     3 |    19 ||    22
Invok: Berserk           |     2 |     4 |     9 |    25 |     6 ||    46
       Brothers in Arms  |       |       |       |     3 |     1 ||     4
  Use: Scroll            |     2 |     4 |    10 |     5 |     1 ||    22
       Potion            |     1 |     1 |     4 |     1 |       ||     7
Armor: Animal skin       |     3 |       |       |       |       ||     3
       Chain mail        |    14 |    51 |    83 |   195 |    78 ||   421
Dodge: Dodged            |    31 |    46 |    65 |   161 |    61 ||   364

Table legend:
 A = Non-vault XP
 B = Vault XP
 C = Vault XP percentage of total XP
 D = Non-vault monster count
 E = Vault monster count
 F = Vault count percentage of total count
                 A         B        C        D         E       F
            +---------+---------+-------+---------+---------+-------
      Total |   35748 |   12629 |  26.1 |     268 |      77 |  22.3
            +---------+---------+-------+---------+---------+-------
        D:1 |      24 |       0 |   0.0 |      14 |       0 |   0.0
        D:2 |     130 |      18 |  12.2 |      28 |       4 |  12.5
        D:3 |       9 |       5 |  35.7 |       6 |       3 |  33.3
        D:4 |     544 |       0 |   0.0 |      22 |       0 |   0.0
        D:5 |     677 |     673 |  49.9 |      14 |       1 |   6.7
        D:6 |    1091 |     858 |  44.0 |      18 |       4 |  18.2
        D:7 |     714 |      14 |   1.9 |      14 |       5 |  26.3
        D:8 |    1178 |     288 |  19.6 |      15 |       4 |  21.1
        D:9 |    2346 |    1192 |  33.7 |      26 |       2 |   7.1
       D:10 |    2255 |       0 |   0.0 |      18 |       0 |   0.0
     Lair:1 |    4514 |       0 |   0.0 |      17 |       0 |   0.0
     Lair:2 |    4371 |    2834 |  39.3 |      19 |      13 |  40.6
     Lair:3 |    4110 |       0 |   0.0 |      14 |       0 |   0.0
     Lair:4 |    8304 |       0 |   0.0 |      28 |       0 |   0.0
     Lair:5 |    5481 |    6747 |  55.2 |      15 |      41 |  73.2
            +---------+---------+-------+---------+---------+-------
